 Dungeon Crawl Stone Soup version 0.29-a0-553-g81b289dbe5 (console) character file.

Game seed: 11337037525844838291

58 petzl the Vexing (level 4, 0/33 HPs)
             Began as a Formicid Arcane Marksman on June 6, 2022.
             Slain by a goblin
             ... wielding a +0 club
             ... led by Robin
              (3 damage)
             ... on level 3 of the Dungeon.
             The game lasted 00:04:34 (1475 turns).

petzl the Vexing (Formicid Arcane Marksman)         Turns: 1475, Time: 00:04:35

Health: 0/33       AC:  2    Str: 15    XL:     4   Next: 21%
Magic:  6/6        EV: 12    Int: 14    God:
Gold:   60         SH:  0    Dex: 11    Spells: 1/6 levels left

rFire   . . .      SeeInvis +   a - +0 hand crossbow
rCold   . . .      Faith    .   (no shield)
rNeg    . . .      Spirit   .   b - +0 robe
rPois   .          Reflect  .   (helmet unavailable)
rElec   .          Harm     .   (no cloak)
rCorr   .          Rampage  .   (no gloves)
Will    .....                   (no boots)
Stlth   ++........              (no amulet)
HPRegen 0.11/turn               (no ring)
MPRegen 0.10/turn               (no ring)

@: no status effects
A: permanent stasis, dig shafts and tunnels, antennae 3, four strong arms
a: Dig, Shaft Self


You were on level 3 of the Dungeon.
You visited 1 branch of the dungeon, and saw 3 of its levels.

You collected 60 gold pieces.

Inventory:

Hand Weapons
 a - a +0 hand crossbow (weapon)
Armour
 b - a +0 robe (worn)
Jewellery
 i - an amulet of the acrobat
 l - a ring of fire
 o - a ring of flight
Scrolls
 c - 3 scrolls of vulnerability
 d - 2 scrolls of identify {unknown}
 f - a scroll of teleportation {unknown}
 j - a scroll of magic mapping {unknown}
 m - 2 scrolls of noise {unknown}
 n - a scroll of fog {unknown}
Potions
 e - a potion of haste {unknown}
 g - 2 potions of brilliance {unknown}
 h - a potion of mutation {unknown}
 k - 3 potions of curing {unknown}


   Skills:
 + Level 1.7 Fighting
 + Level 2.4 Crossbows
 + Level 1.2 Armour
 + Level 2.1 Dodging
 + Level 1.5 Stealth
 + Level 1.7 Spellcasting
 - Level 3.6 Hexes
 + Level 0.2 Translocations
 + Level 0.4 Ice Magic


You had one spell level left.
You knew the following spells:

 Your Spells              Type           Power      Damage    Failure   Level
a - Slow                  Hex            44%        N/A       5%          1
b - Apportation           Tloc           2%         N/A       22%         1
c - Ozocubu's Armour      Ice            2%         N/A       52%         3

Your spell library contained the following spells:

 Spells                   Type           Power      Damage    Failure   Level
 Necrotize                Necr           4%         1d4       24%         1
 Summon Small Mammal      Summ           4%         N/A       24%         1
 Portal Projectile        Hex/Tloc       12%        N/A       32%         3
 Inner Flame              Hex/Fire       6%         N/A       34%         3
 Cause Fear               Hex            5%         N/A       50%         4
 Metabolic Englaciation   Hex/Ice        3%         N/A       96%         5
 Simulacrum               Ice/Necr       0%         N/A       100%        6


Dungeon Overview and Level Annotations

Branches:
Dungeon (3/15)

Altars:
Trog

Annotations:
D:2 Robin


Innate Abilities, Weirdness & Mutations

You cannot be hasted, slowed, berserked, paralysed or teleported.
You can dig through walls and to a lower floor.
You have a pair of large antennae on your head. (SInv)
Your four strong arms can wield two-handed weapons with a shield.


Message History

* * * LOW HITPOINT WARNING * * *
Robin throws the goblin at you!
* * * LOW HITPOINT WARNING * * *
You climb downwards.
There is a stone staircase leading up here.
You are too injured to fight recklessly!
You are too injured to fight recklessly!
You are too injured to fight recklessly!
You are too injured to fight recklessly!
You are too injured to fight recklessly!
Shoot: a) +0 hand crossbow
Press: ? - help, Q - select action, (/) - cycle Shift-Dir - straight line, f - goblin
Aim: a goblin, wielding a +0 club (50% to hit)
You shoot a bolt. The bolt closely misses the goblin.
The goblin barely misses you.
Shoot: a) +0 hand crossbow
Press: ? - help, Q - select action, (/) - cycle Shift-Dir - straight line, f/p - goblin
Aim: a goblin, wielding a +0 club (50% to hit)
You shoot a bolt. The bolt hits the goblin.
The goblin is heavily wounded.
The goblin barely misses you.
Shoot: a) +0 hand crossbow
Press: ? - help, Q - select action, (/) - cycle Shift-Dir - straight line, f/p - goblin
Aim: a goblin, wielding a +0 club (heavily wounded, 50% to hit)
You shoot a bolt. The bolt closely misses the goblin.
The goblin hits you but does no damage. The goblin hits you with a +0 club.
* * * LOW HITPOINT WARNING * * *
Shoot: a) +0 hand crossbow
Press: ? - help, Q - select action, (/) - cycle Shift-Dir - straight line, f/p - goblin
Aim: a goblin, wielding a +0 club (moderately wounded, 50% to hit)
You shoot a bolt. The bolt hits the goblin.
The goblin is almost dead.
The goblin hits you with a +0 club.
* * * LOW HITPOINT WARNING * * *
Shoot: a) +0 hand crossbow
Press: ? - help, Q - select action, (/) - cycle Shift-Dir - straight line, f/p - goblin
Aim: a goblin, wielding a +0 club (almost dead, 50% to hit)
You shoot a bolt. The bolt closely misses the goblin.
The goblin barely misses you. The goblin hits you with a +0 club.
You die...

#### ##...............# ...
###..########.##...########
... ###...##
#.##.#......... {
#.##...###
.....##.#########.
#....#####
..#######.........#
###......# #.. #.≈≈≈≈≈≈≈.#
#.####..# ... #≈.)≈≈≈..≈#
#.# # ...# #≈.≈...≈.≈#
###.# { #≈.≈._.≈.≈# #...#
.. #≈.≈...≈.≈# #.###..#
#≈..≈≈≈..≈# #####.....# ..
#.≈≈≈≈≈≈≈.# ###.....#####
#.#####.........##
#.......#
>.#....#########.#
###.##.####
#.#..........####.#
....##.# ##
..................#
####...# .
##.#............#####
#....###
#.####..#............#
#.####
#.#..g@###..........## # {
####...#### ##........##
#........# #####.####
#.######.#### #†# #
#....#### #.# ####....###.#
####.....# #..........#
#............#
#............#
#............#
##..>.......## ##...##...##
##### ####


You could see a goblin.

Vanquished Creatures
  2 adders
  A worm (D:1)
  A dart slug (D:2)
  A giant cockroach (D:1)
  7 goblins
  2 hobgoblins (D:1)
  2 quokkas
  4 ball pythons
  4 bats
  4 frilled lizards
  3 kobolds (D:1)
  4 rats
35 creatures vanquished.

Notes
Turn   | Place    | Note
-------+----------+-------------------------------------------
     0 | D:1      | petzl the Formicid Arcane Marksman began the quest for the
                  | Orb.
     0 | D:1      | Reached XP level 1. HP: 15/15 MP: 2/2
   163 | D:1      | Reached XP level 2. HP: 21/21 MP: 3/3
   390 | D:1      | Reached skill level 1 in Stealth
   606 | D:2      | Found a faded altar of an unknown god.
   612 | D:2      | Reached XP level 3. HP: 26/26 MP: 5/5
   618 | D:2      | HP: 1/26 [worm (9)]
   994 | D:2      | Learned a level 1 spell: Apportation
   998 | D:2      | Learned a level 3 spell: Ozocubu's Armour
  1196 | D:2      | Reached skill level 1 in Armour
  1290 | D:2      | You fall into a shaft and drop 1 floor!
  1302 | D:3      | Reached XP level 4. HP: 33/33 MP: 4/6
  1374 | D:3      | Found a bloodstained altar of Trog.
  1454 | D:2      | Noticed Robin
  1475 | D:3      | Slain by a goblin

Illustrated notes

Levels and vault maps discovered:
D:1:      psy_arrival_terrarium, layout_rooms, serial_forest,
          infiniplex_forest_3_way, infiniplex_forest_lined_3,
          infiniplex_forest_clump_C, infiniplex_forest_corner_1,
          infiniplex_forest_lined_2, infiniplex_forest_lined_2
D:2:      layout_basic, dreamdust_ecumenical_altar_statues, uniq_robin
D:3:      layout_rooms, nemelex_dance_club_becter, mainiacjoe_overflow_paths,
          uniq_ijyb

Skill      XL: |  1  2  3 |
---------------+----------+-----
Stealth        | 1 |  1.5
Dodging        | 2 |  2.1
Armour         | 1 |  1.2
Fighting       | |  1.7
Crossbows      | |  2.4
Spellcasting   | |  1.7
Hexes          | |  3.6
Translocations | |  0.2
Ice Magic      | |  0.4

Action                   |  1- 3 |  4- 6 || total
-------------------------+-------+-------++-------
 Fire: Hand crossbow     |   128 |    21 ||   149
 Cast: Slow              |     9 |       ||     9
Armor: Robe              |    17 |     5 ||    22
Dodge: Dodged            |    43 |    12 ||    55

Table legend: (Time is in decaauts)
 A = Elapsed time spent in this place.
 B = Non-inter-level travel time spent in this place.
 C = Inter-level travel time spent in this place.
 D = Time resting spent in this place.
 E = Time spent auto-exploring this place.
 F = Levels seen in this place.
 G = Mean time per level.
                   A        B        C        D        E       F      G
               +--------+--------+--------+--------+--------+-----+--------+
         Total |   1533 |   1468 |     65 |    349 |    690 |   3 |  511.0 |
       Dungeon |   1533 |   1468 |     65 |    349 |    690 |   3 |  511.0 |
               +--------+--------+--------+--------+--------+-----+--------+

Top non-repeatable levels by time:
     D:1: 968 daAuts
     D:2: 407 daAuts
     D:3: 157 daAuts
